3A
GRAND FORKS CATERPILLARS @ YORK REVOLUTION
08/02/2030
 
TOP OF THE 1ST
Grand Forks Caterpillars batting - Pitching for York Revolution : RHP Desiderio Toccafundo
Pitching: RHP Desiderio Toccafundo
Batting: LHB Mo-ruo Teoh 0-0: Ball
1-0: Ball
2-0: DOUBLE (Flyball, 8RD)
Batting: RHB Karsten Naarden 0-0: Called Strike
0-1: Fly out, F7 (Flyball, 78M)
Batting: RHB Jun Kung 0-0: Ball
1-0: Called Strike
1-1: Foul Ball, location: 2F
1-2: Ball
2-2: Ball
3-2: Ground out 6-3 (Groundball, 6M)
Mo-ruo Teoh to third
Batting: SHB Jorge Alou 0-0: Ball
1-0: Foul Ball, location: 2F
1-1: Foul Ball, location: 2F
1-2: Foul Ball, location: 2F
1-2: Ground out 1-3 (Groundball, P)
Top of the 1st over - 0 runs, 1 hit, 0 errors, 1 left on base; Grand Forks 0 - York 0
BOTTOM OF THE 1ST
York Revolution batting - Pitching for Grand Forks Caterpillars : LHP Alex Bart
Pitching: LHP Alex Bart
Batting: RHB James Deines 0-0: Called Strike
0-1: Ball
1-1: Swinging Strike
1-2: Strikes out swinging
Batting: RHB John Clark 0-0: Called Strike
0-1: Swinging Strike
0-2: Ball
1-2: Foul Ball, location: 2F
1-2: Foul Ball, location: 2F
1-2: Ball
2-2: Ball
3-2: TRIPLE (Line Drive, 89XD)
Batting: RHB Cisco Feijoo 0-0: Fly out, F3 (Popup, 3D)
Batting: RHB Eikki Kankaanperä 0-0: Ball
Passed Ball!
John Clark scores
1-0: Ground out 6-3 (Groundball, 6)
Bottom of the 1st over - 1 run, 1 hit, 0 errors, 0 left on base; Grand Forks 0 - York 1
TOP OF THE 2ND
Grand Forks Caterpillars batting - Pitching for York Revolution : RHP Desiderio Toccafundo
Batting: RHB Hang-ki Chung 0-0: Ball
1-0: Called Strike
1-1: Foul Ball, location: 2F
1-2: Ball
2-2: Ball
3-2: Fly out, F7 (Flyball, 7D)
Batting: RHB Luis Pérez 0-0: Called Strike
0-1: Swinging Strike
0-2: Ball
1-2: Ball
2-2: Strikes out looking
Batting: SHB Mathis Bonnet 0-0: Ball
1-0: Ground out 1-3 (Groundball, P)
Top of the 2nd over - 0 runs, 0 hits, 0 errors, 0 left on base; Grand Forks 0 - York 1
BOTTOM OF THE 2ND
York Revolution batting - Pitching for Grand Forks Caterpillars : LHP Alex Bart
Batting: RHB Guy Toussaint 0-0: SINGLE (Line Drive, 9S)
Batting: RHB Mark Patterson 0-0: Ball
1-0: Foul Ball, location: 2F
1-1: SINGLE (Groundball, 34D)
Guy Toussaint to second
Runner from 2nd tries for 3rd, SAFE, throw made to third
Batting: LHB Gong Mao 0-0: Ball
1-0: Foul Ball, location: 2F
1-1: Ball
2-1: Ball
3-1: Swinging Strike
3-2: Foul Ball, location: 2F
3-2: 3-RUN HOME RUN (Flyball, 9LD), Distance : 371 ft
Batting: RHB Lawrence Stokes 0-0: Ball
1-0: Swinging Strike
1-1: Ball
2-1: Fly out, F8 (Flyball, 8RD)
Batting: RHB Tome Uso 0-0: Ball
1-0: SINGLE (Line Drive, 4D)
Batting: RHB James Deines 0-0: Swinging Strike
0-1: Ball
1-1: Ball
2-1: Ball
3-1: Called Strike
3-2: Foul Ball, location: 2F
3-2: Strikes out looking
Batting: RHB John Clark 0-0: Foul Ball, location: 2F
0-1: Ball
1-1: Fly out, F6 (Line Drive, 6)
Bottom of the 2nd over - 3 runs, 4 hits, 0 errors, 1 left on base; Grand Forks 0 - York 4
TOP OF THE 3RD
Grand Forks Caterpillars batting - Pitching for York Revolution : RHP Desiderio Toccafundo
Batting: RHB Lee Scrooby 0-0: Ball
1-0: Called Strike
1-1: Foul Ball, location: 2F
1-2: Ball
2-2: Foul Ball, location: 2F
2-2: Strikes out looking
Batting: RHB Cristián Ortíz 0-0: Foul Ball, location: 2F
0-1: Called Strike
0-2: Ball
1-2: Ground out 6-3 (Groundball, 6)
Batting: LHB Mo-ruo Teoh 0-0: Reached on error, E3 (Groundball, 3D)
Batting: RHB Karsten Naarden 0-0: SINGLE (Line Drive, 5L)
Mo-ruo Teoh to second
Batting: RHB Jun Kung 0-0: Fly out, F9 (Flyball, 9S)
Top of the 3rd over - 0 runs, 1 hit, 1 error, 2 left on base; Grand Forks 0 - York 4
BOTTOM OF THE 3RD
York Revolution batting - Pitching for Grand Forks Caterpillars : LHP Alex Bart
Batting: RHB Cisco Feijoo 0-0: Ball
1-0: Called Strike
1-1: Ball
2-1: SINGLE (Groundball, 6) (infield hit)
Batting: RHB Eikki Kankaanperä Pickoff Throw to First - Out!
0-0: Ground out 6-3 (Groundball, 6D)
Batting: RHB Guy Toussaint 0-0: SINGLE (Flyball, 7S)
Batting: RHB Mark Patterson 0-0: Ball
1-0: Swinging Strike
1-1: Called Strike
1-2: DOUBLE (Line Drive, 8RD)
Guy Toussaint to third
Runner from 3rd tries for Home, SAFE, no throw
Batting: LHB Gong Mao 0-0: Called Strike
0-1: Ball
1-1: Swinging Strike
1-2: Ball
2-2: Ball
3-2: Foul Ball, location: 2F
3-2: Base on Balls
Batting: RHB Lawrence Stokes 0-0: Ball
1-0: Swinging Strike
1-1: Ground out 4-3 (Groundball, 4)
Bottom of the 3rd over - 1 run, 3 hits, 0 errors, 2 left on base; Grand Forks 0 - York 5
TOP OF THE 4TH
Grand Forks Caterpillars batting - Pitching for York Revolution : RHP Desiderio Toccafundo
Batting: SHB Jorge Alou 0-0: Called Strike
0-1: Swinging Strike
0-2: Strikes out looking
Batting: RHB Hang-ki Chung 0-0: Called Strike
0-1: Fly out, F7 (Flyball, 7S)
Batting: RHB Luis Pérez 0-0: Ball
1-0: Foul Ball, location: 2F
1-1: Called Strike
1-2: Ball
2-2: Ball
3-2: TRIPLE (Line Drive, 9LD)
Batting: SHB Mathis Bonnet 0-0: Ball
1-0: Foul Ball, location: 2F
1-1: Swinging Strike
1-2: Ball
2-2: Ground out 6-3 (Groundball, 6)
Top of the 4th over - 0 runs, 1 hit, 0 errors, 1 left on base; Grand Forks 0 - York 5
BOTTOM OF THE 4TH
York Revolution batting - Pitching for Grand Forks Caterpillars : LHP Alex Bart
Batting: RHB Tome Uso 0-0: Called Strike
0-1: Ground out 5-3 (Groundball, 5S)
Batting: RHB James Deines 0-0: Called Strike
0-1: Ball
1-1: Ball
2-1: Swinging Strike
2-2: Foul Ball, location: 2F
2-2: Ball
3-2: Base on Balls
Batting: RHB John Clark 0-0: Called Strike
0-1: Foul Ball, location: 2F
0-2: Ball
1-2: DOUBLE (Line Drive, 7D)
James Deines to third
Runner from 3rd tries for Home, SAFE, no throw
Batting: RHB Cisco Feijoo 0-0: Foul Ball, location: 2F
0-1: Ball
1-1: Ball
2-1: Foul Ball, location: 2F
2-2: Ground out 5-3 (Groundball, 56S)
John Clark to third
Batting: RHB Eikki Kankaanperä 0-0: Fly out, F8 (Flyball, 8RD)
Bottom of the 4th over - 1 run, 1 hit, 0 errors, 1 left on base; Grand Forks 0 - York 6
TOP OF THE 5TH
Grand Forks Caterpillars batting - Pitching for York Revolution : RHP Desiderio Toccafundo
Batting: RHB Lee Scrooby 0-0: Foul Ball, location: 2F
0-1: Foul Ball, location: 2F
0-2: SINGLE (Groundball, 56S) (infield hit)
Batting: RHB Cristián Ortíz 0-0: Fly out, F8 (Flyball, 8LD)
Batting: LHB Mo-ruo Teoh 0-0: Swinging Strike
0-1: Fielders Choice at 2nd, 6-4 (Groundball, 6)
Batting: RHB Karsten Naarden 0-0: Ball
1-0: Ball
2-0: Foul Ball, location: 2F
2-1: DOUBLE (Groundball, 5L)
Mo-ruo Teoh to third
Runner from 3rd tries for Home, SAFE, no throw
Batting: RHB Jun Kung 0-0: Ball
1-0: Foul Ball, location: 2F
1-1: Swinging Strike
1-2: Foul Ball, location: 2F
1-2: Foul Ball, location: 2F
1-2: SINGLE (Groundball, 34D)
Karsten Naarden to third
Runner from 3rd tries for Home, SAFE, no throw
Batting: SHB Jorge Alou 0-0: Called Strike
0-1: Ball
1-1: Ball
2-1: Called Strike
2-2: Ground out 4-3 (Groundball, 4)
Top of the 5th over - 2 runs, 3 hits, 0 errors, 1 left on base; Grand Forks 2 - York 6
BOTTOM OF THE 5TH
York Revolution batting - Pitching for Grand Forks Caterpillars : LHP Alex Bart
Batting: RHB Guy Toussaint 0-0: Called Strike
0-1: Ball
1-1: Ball
2-1: Swinging Strike
2-2: Strikes out looking
Batting: RHB Mark Patterson 0-0: Ball
1-0: Ball
2-0: Ground out 4-3 (Groundball, 4)
Batting: LHB Gong Mao 0-0: Foul Ball, location: 2F
0-1: Ball
1-1: Ball
2-1: Called Strike
2-2: Ground out 4-3 (Groundball, 4)
Bottom of the 5th over - 0 runs, 0 hits, 0 errors, 0 left on base; Grand Forks 2 - York 6
TOP OF THE 6TH
Grand Forks Caterpillars batting - Pitching for York Revolution : RHP Desiderio Toccafundo
Batting: RHB Hang-ki Chung 0-0: Ball
1-0: Ball
2-0: SOLO HOME RUN (Flyball, 8LD), Distance : 454 ft
Batting: RHB Luis Pérez 0-0: Ball
1-0: Ball
2-0: Called Strike
2-1: Called Strike
2-2: Ball
3-2: Foul Ball, location: 2F
3-2: Strikes out swinging
Batting: SHB Mathis Bonnet 0-0: Called Strike
0-1: Swinging Strike
0-2: Ball
1-2: Ball
2-2: Foul Ball, location: 2F
2-2: Foul Ball, location: 2F
2-2: Fly out, F4 (Line Drive, 4)
Batting: RHB Lee Scrooby 0-0: Ball
1-0: Ball
2-0: Ground out 4-3 (Groundball, 4)
Top of the 6th over - 1 run, 1 hit, 0 errors, 0 left on base; Grand Forks 3 - York 6
BOTTOM OF THE 6TH
York Revolution batting - Pitching for Grand Forks Caterpillars : LHP Alex Bart
Pitching: RHP Mike Orrsborne
Batting: RHB Lawrence Stokes 0-0: Called Strike
0-1: Ball
1-1: Foul Ball, location: 2F
1-2: Strikes out swinging
Batting: RHB Tome Uso 0-0: Called Strike
0-1: Ball
1-1: Foul Ball, location: 2F
1-2: Ball
2-2: Ground out 6-3 (Groundball, 56)
Batting: RHB James Deines 0-0: Foul Ball, location: 2F
0-1: Called Strike
0-2: Ball
1-2: Ball
2-2: Ball
3-2: Foul Ball, location: 2F
3-2: Base on Balls
Batting: RHB John Clark 0-0: Fly out, F8 (Line Drive, 8LD)
Bottom of the 6th over - 0 runs, 0 hits, 0 errors, 1 left on base; Grand Forks 3 - York 6
TOP OF THE 7TH
Grand Forks Caterpillars batting - Pitching for York Revolution : RHP Desiderio Toccafundo
Batting: RHB Cristián Ortíz 0-0: Called Strike
0-1: Foul Ball, location: 2F
0-2: DOUBLE (Line Drive, 9LM)
Batting: LHB Mo-ruo Teoh 0-0: Ball
1-0: Foul Ball, location: 2F
1-1: Foul Ball, location: 2F
1-2: Foul Ball, location: 2F
1-2: DOUBLE (Line Drive, 7LM)
Cristián Ortíz scores
Batting: RHB Karsten Naarden 0-0: Called Strike
0-1: Ball
Mo-ruo Teoh is caught stealing 3rd base
1-1: Foul Ball, location: 2F
1-2: Ball
2-2: Ball
3-2: Foul Ball, location: 2F
3-2: Foul Ball, location: 2F
3-2: Strikes out swinging
Batting: RHB Jun Kung 0-0: Ball
1-0: Foul Ball, location: 2F
1-1: Ball
2-1: SINGLE (Groundball, 6MD)
Pitching: RHP Miika Jarvi
Batting: SHB Jorge Alou 0-0: Ball
1-0: Called Strike
1-1: Fly out, F9 (Flyball, 89D)
Top of the 7th over - 1 run, 3 hits, 0 errors, 1 left on base; Grand Forks 4 - York 6
BOTTOM OF THE 7TH
York Revolution batting - Pitching for Grand Forks Caterpillars : RHP Mike Orrsborne
Batting: RHB Cisco Feijoo 0-0: Ball
1-0: Ball
2-0: Ball
3-0: Called Strike
3-1: Fly out, F7 (Flyball, 78D)
Batting: RHB Eikki Kankaanperä 0-0: Called Strike
0-1: SINGLE (Flyball, 78S)
Batting: RHB Guy Toussaint 0-0: Called Strike
0-1: Called Strike
Eikki Kankaanperä steals 2nd base
0-2: Fly out, F9 (Flyball, 9)
Batting: RHB Mark Patterson 0-0: Ball
1-0: Fly out, F9 (Flyball, 89XD)
Bottom of the 7th over - 0 runs, 1 hit, 0 errors, 1 left on base; Grand Forks 4 - York 6
TOP OF THE 8TH
Grand Forks Caterpillars batting - Pitching for York Revolution : RHP Miika Jarvi
Batting: RHB Hang-ki Chung 0-0: Ball
1-0: Foul Ball, location: 2F
1-1: Foul Ball, location: 2F
1-2: DOUBLE (Groundball, 5L)
Batting: RHB Luis Pérez 0-0: Called Strike
0-1: Fly out, F8 (Flyball, 8RS)
Batting: SHB Mathis Bonnet 0-0: Swinging Strike
0-1: Ball
1-1: Ball
2-1: Foul Ball, location: 2F
2-2: Ball
3-2: Base on Balls
Batting: RHB Lee Scrooby 0-0: Ball
1-0: Ball
2-0: Ball
3-0: Base on Balls
Hang-ki Chung to third
Mathis Bonnet to second
Pinch Hitting: LHB Seung-soo Ch'ae 0-0: Foul Ball, location: 2F
0-1: Ball
1-1: Swinging Strike
1-2: Foul Ball, location: 2F
1-2: Ball
2-2: Foul Ball, location: 2F
2-2: Strikes out swinging
Pitching: LHP Tony Zavala
Batting: LHB Mo-ruo Teoh 0-0: SINGLE (Groundball, 34S) (infield hit)
Hang-ki Chung scores
Mathis Bonnet to third
Lee Scrooby to second
Batting: RHB Karsten Naarden 0-0: Fly out, F7 (Flyball, 7LMF)
Top of the 8th over - 1 run, 2 hits, 0 errors, 3 left on base; Grand Forks 5 - York 6
BOTTOM OF THE 8TH
York Revolution batting - Pitching for Grand Forks Caterpillars : RHP Mike Orrsborne
Now in RF: Robby Young
Batting: LHB Gong Mao 0-0: Ball
1-0: Swinging Strike
1-1: Foul Ball, location: 2F
1-2: Ball
2-2: Ball
3-2: Strikes out swinging
Batting: RHB Lawrence Stokes 0-0: Swinging Strike
0-1: Ball
1-1: Ball
2-1: Swinging Strike
2-2: Fly out, F9 (Flyball, 89D)
Batting: RHB Tome Uso 0-0: Ball
1-0: Ball
2-0: Ball
3-0: Base on Balls
Batting: RHB James Deines 0-0: Ball
1-0: Ground out U3 (Groundball, 34)
Bottom of the 8th over - 0 runs, 0 hits, 0 errors, 1 left on base; Grand Forks 5 - York 6
TOP OF THE 9TH
Grand Forks Caterpillars batting - Pitching for York Revolution : LHP Tony Zavala
Pitching: LHP Sicnarf Loopstok
Now at 1B: Carlo Manlulu
Now at 3B: Andy Alderliesten
Batting: RHB Jun Kung 0-0: Called Strike
0-1: Swinging Strike
0-2: Ball
1-2: Strikes out swinging
Pinch Hitting: RHB Roberto Flores 0-0: Ball
1-0: Ball
2-0: Ball
3-0: Base on Balls
Pinch Runner at 1st Juan Gurule:
Batting: RHB Hang-ki Chung 0-0: Foul Ball, location: 2F
0-1: Fly out, F8 (Line Drive, 8RD)
Batting: RHB Luis Pérez 0-0: Called Strike
0-1: Ball
1-1: Ball
2-1: Foul Ball, location: 2F
2-2: Strikes out swinging
Top of the 9th over - 0 runs, 0 hits, 0 errors, 1 left on base; Grand Forks 5 - York 6
Sunday, March 18th, 2018 - OOTP Baseball 18.8 Build 76